 Dungeon Sprint DCSS version 0.22.0-16-gc6d26f6 (webtiles) character file.

12600000 poirepourri the Intangible (level 27, -19/298 HPs)
             Began as a Deep Dwarf Gladiator on Aug 17, 2018.
             Was the Champion of Makhleb.
             Demolished by a bag of meat
             ... wielding a +9 war axe
              (23 damage)
             ... in the Dungeon (Sprint VIII: "Arena of Blood").
             The game lasted 00:02:45 (126 turns).

poirepourri the Intangible (Deep Dwarf Gladiator)    Turns: 126, Time: 00:02:45

Health: -19/298    AC:  8    Str: 20    XL:     27
Magic:  44/54      EV: 36    Int: 11    God:    Makhleb [******]
Gold:   0          SH:  0    Dex: 23    Spells: 80/80 levels left

rFire    . . .     SeeInvis .   k - +∞ Axe of Woe
rCold    . . .     Gourm    .   (shield currently unavailable)
rNeg     + . .     Faith    .   a - +0 leather armour
rPois    .         Spirit   .   b - +0 helmet
rElec    .         Reflect  .   (no cloak)
rCorr    .         Harm     .   (no gloves)
MR       ++++.     NoTele   +   (no boots)
Stlth    +++++++++.             (no amulet)
HPRegen  0.00/turn              l - +30 ring of slaying
MPRegen  0.34/turn              m - +30 ring of slaying

@: non-regenerating
A: damage resistance, heal wounds, negative energy resistance 1, sense
surroundings 3, no regeneration
a: Heal Wounds, Minor Destruction, Lesser Servant of Makhleb, Major Destruction,
Greater Servant of Makhleb, Renounce Religion


You were in the Dungeon.
You worshipped Makhleb.
Makhleb was exalted by your worship.
You were not hungry.

You visited 1 branch

Inventory:

Hand Weapons
 k - the +∞ Axe of Woe (weapon)
   (You found it in the Dungeon)
Missiles
 c - 3 throwing nets (quivered)
Armour
 a - a +0 leather armour (worn)
 b - a +0 helmet (worn)
Jewellery
 l - a +30 ring of slaying (left hand)
 m - a +30 ring of slaying (right hand)
Scrolls
 j - a scroll of blinking
Potions
 e - a potion of curing
 f - a potion of heal wounds
 g - a potion of haste
 h - 2 potions of magic
 i - a potion of berserk rage
Comestibles
 d - a ration


   Skills:
 O Level 27 Fighting
 O Level 27 Axes
 O Level 27 Throwing
 O Level 27 Armour
 O Level 27 Dodging
 O Level 27 Stealth
 O Level 27 Unarmed Combat
 O Level 27 Spellcasting
 O Level 27 Invocations


You had 80 spell levels left.
You didn't know any spells.
Your spell library was empty.

Dungeon Overview and Level Annotations

Branches:
Dungeon (1/1)

Altars:
Makhleb


Innate Abilities, Weirdness & Mutations

You are resistant to damage.
You can heal yourself by infusing magical energy.
You resist negative energy. (rN+)
You passively map a large area around you.
You do not regenerate.


Message History

The meat berserker convulses!
The large bag of meat convulses!
The bag of meat convulses!
Your body is wracked with pain!
The meat berserker convulses!
The bag of meat convulses!
The meat berserker convulses!
The dread calls on the powers of darkness!
The bag of meat convulses! x2; The large bag of meat convulses!
The bag of meat convulses!
The meat berserker convulses!
Your body is wracked with pain!
* * * LOW HITPOINT WARNING * * *
The bag of meat convulses! x2
You hear a shout!
The meat berserker hits you with a +9 battleaxe!!!
* * * LOW HITPOINT WARNING * * *
You hear a shout!
The accursed casts a spell at you. Something smites you!
* * * LOW HITPOINT WARNING * * *
You hear a shout!
The bag of meat hits you with a +9 war axe!!
You die...

, , , ,....... ,
, , , ,, , ,,,
,..... ... , , ,
#....,..#,, , ,,,
.o #... ,..#, ,.
, , , o.V###DW.
..###.. , ,,, , ,
...o..o.###.o%.W.
,
#...o.Wx._%2.2O.
, , , , , #O§o)M#
, * * , ,#§V@O_#
, , , , , #))o)V#
* * , , ,
......)_)§..... ,
,
,...O..###o...z.,
, ,, ,..###...
oo###.. ,, , ,.,
#... §M# , z ,,,
, ,, #... ..# , ,
, ,.....,ooo , ,
, , * , .. ,, ..,
, ,


You could see 2 accurseds, a meat beast, a reaper, an eight-headed meat hydra, 3
destroyers, a sculptor of flesh, a large bag of meat (inner flame), 3 dreads, 3
meat berserkers, 11 bags of meat and a crawling corpse.

Vanquished Creatures
  9 hell beasts (D)
  6 greater mummies (D)
  5 great orbs of eyes (D)
  2 wraiths (D)
  15 vampire knights (D)
  34 ogres (D)
  3 two-headed ogres (D)
  A lich (D)
  2 hydras (D)
  44 orcs (D)
  2 phantoms (D)
  2 skeletal warriors (D)
  3 small abominations (D)
  6 large abominations (D)
  2 crawling corpses (D)
136 creatures vanquished.

Vanquished Creatures (others)
  An ogre (D)
  An orc (D)
2 creatures vanquished.

Grand Total: 138 creatures vanquished

Notes
Turn   | Place    | Note
-------+----------+-------------------------------------------
     0 | D        | Found the +∞ Axe of Woe
     0 | D        | poirepourri the Deep Dwarf Gladiator began the quest for the Orb.
     0 | D        | Reached XP level 1. HP: 19/19 MP: 1/1
     1 | D        | Noticed a bag of meat
     3 | D        | Noticed a meat berserker
     5 | D        | Became a worshipper of Makhleb the Destroyer
     7 | D        | Killed a meat berserker
     7 | D        | Reached skill level 5 in Axes
     7 | D        | Reached XP level 2. HP: 44/44 MP: 2/2
     7 | D        | Reached XP level 3. HP: 51/51 MP: 3/3
     7 | D        | Reached XP level 4. HP: 60/60 MP: 4/4
     7 | D        | Reached XP level 5. HP: 66/66 MP: 5/5
     7 | D        | Reached XP level 6. HP: 74/74 MP: 6/6
     7 | D        | Reached XP level 7. HP: 81/81 MP: 7/7
     7 | D        | Reached XP level 8. HP: 90/90 MP: 8/8
     7 | D        | Gained mutation: You passively map the area around you. [Deep Dwarf growth]
     7 | D        | Reached XP level 9. HP: 97/97 MP: 9/9
     7 | D        | Reached XP level 10. HP: 104/104 MP: 10/10
     7 | D        | Reached XP level 11. HP: 111/111 MP: 11/11
     7 | D        | Reached XP level 12. HP: 120/120 MP: 12/12
     7 | D        | Reached XP level 13. HP: 127/127 MP: 13/13
     7 | D        | Noticed a bag of meat
     8 | D        | Noticed a bag of meat
     9 | D        | Killed a bag of meat
     9 | D        | Reached * piety under Makhleb
     9 | D        | Noticed a bag of meat
    10 | D        | Noticed a bag of meat
    12 | D        | Killed a bag of meat
    12 | D        | Gained mutation: You resist negative energy. (rN+) [Deep Dwarf growth]
    12 | D        | Reached XP level 14. HP: 139/139 MP: 14/14
    12 | D        | Noticed a meat berserker
    13 | D        | Killed a bag of meat
    14 | D        | Killed a meat berserker
    14 | D        | Reached ** piety under Makhleb
    14 | D        | Reached skill level 27 in Dodging
    14 | D        | Reached XP level 15. HP: 115/152 MP: 15/15
    15 | D        | Reached skill level 15 in Fighting
    15 | D        | Reached skill level 15 in Throwing
    15 | D        | Reached skill level 5 in Armour
    15 | D        | Reached XP level 16. HP: 126/165 MP: 16/16
    15 | D        | Noticed a meat berserker
    15 | D        | Noticed a meat berserker
    16 | D        | Noticed a meat berserker
    17 | D        | Reached *** piety under Makhleb
    17 | D        | Reached skill level 27 in Unarmed Combat
    17 | D        | Noticed a meat berserker
    18 | D        | Killed a meat berserker
    18 | D        | Reached XP level 17. HP: 186/186 MP: 17/17
    18 | D        | Killed a meat berserker
    18 | D        | Reached skill level 10 in Armour
    20 | D        | Killed a meat berserker
    20 | D        | Reached **** piety under Makhleb
    20 | D        | Gained mutation: You passively map a large area around you. [Deep Dwarf growth]
    20 | D        | Reached XP level 18. HP: 205/205 MP: 18/18
    21 | D        | Noticed a destroyer
    22 | D        | Killed a meat berserker
    22 | D        | Reached skill level 27 in Axes
    25 | D        | Killed a destroyer
    25 | D        | Reached skill level 27 in Fighting
    25 | D        | Reached XP level 19. HP: 93/226 MP: 19/19
    26 | D        | Reached skill level 27 in Throwing
    26 | D        | Noticed a meat berserker
    28 | D        | Noticed a meat berserker
    30 | D        | Noticed a meat berserker
    31 | D        | Noticed a meat berserker
    32 | D        | Reached ***** piety under Makhleb
    33 | D        | Killed a meat berserker
    34 | D        | Killed a meat berserker
    34 | D        | Reached skill level 27 in Armour
    34 | D        | Reached XP level 20. HP: 236/236 MP: 20/20
    34 | D        | Killed a meat berserker
    36 | D        | Killed a meat berserker
    39 | D        | Reached ****** piety under Makhleb
    39 | D        | Reached XP level 21. HP: 244/244 MP: 21/42
    42 | D        | Noticed a destroyer
    42 | D        | Noticed a destroyer
    44 | D        | Killed a destroyer
    44 | D        | Reached skill level 27 in Stealth
    44 | D        | Reached skill level 27 in Invocations
    47 | D        | Noticed a tyrant
    48 | D        | Reached skill level 27 in Spellcasting
    48 | D        | Reached XP level 22. HP: 254/254 MP: 23/53
    49 | D        | Noticed an accursed
    52 | D        | Killed a tyrant
    53 | D        | Noticed an accursed
    55 | D        | Killed a destroyer
    56 | D        | Noticed a destroyer
    57 | D        | Killed an accursed
    57 | D        | Reached XP level 23. HP: 190/262 MP: 25/54
    61 | D        | Noticed an accursed
    61 | D        | Noticed a destroyer
    63 | D        | Killed a destroyer
    64 | D        | Noticed a meat beast
    65 | D        | Reached XP level 24. HP: 187/272 MP: 28/54
    66 | D        | Noticed a destroyer
    68 | D        | Killed a destroyer
    68 | D        | Killed a meat beast
    68 | D        | Reached XP level 25. HP: 229/280 MP: 29/54
    72 | D        | Noticed a meat beast
    72 | D        | Killed an accursed
    74 | D        | Reached XP level 26. HP: 167/290 MP: 30/54
    74 | D        | Killed a destroyer
    74 | D        | Noticed a dread
    75 | D        | Killed a meat beast
    75 | D        | Reached XP level 27. HP: 285/298 MP: 31/54
    77 | D        | Noticed a destroyer
    77 | D        | Noticed a destroyer
    78 | D        | Noticed an accursed
    78 | D        | Noticed a destroyer
    79 | D        | Noticed a dread
    79 | D        | Noticed a dread
    81 | D        | Noticed an accursed
    82 | D        | Killed a destroyer
    84 | D        | Noticed a meat beast
    84 | D        | Killed an accursed
    86 | D        | Noticed a dread
    87 | D        | Noticed a meat beast
    88 | D        | Killed a destroyer
    88 | D        | Killed an accursed
    88 | D        | Killed a dread
    88 | D        | Noticed a meat beast
    89 | D        | Killed a meat beast
    91 | D        | Killed an accursed
    92 | D        | Noticed a destroyer
    92 | D        | Noticed a destroyer
    93 | D        | Noticed a destroyer
    93 | D        | Noticed a large bag of meat
    93 | D        | Noticed an accursed
    93 | D        | Killed a meat beast
    93 | D        | Noticed a destroyer
    94 | D        | Killed a meat beast
    94 | D        | Killed a destroyer
    96 | D        | Noticed a large bag of meat
    97 | D        | Noticed a meat beast
    97 | D        | Killed a destroyer
    97 | D        | Killed a destroyer
    97 | D        | Noticed a large bag of meat
    99 | D        | Killed a dread
    99 | D        | Killed a destroyer
   101 | D        | Noticed a destroyer
   102 | D        | Killed a large bag of meat
   103 | D        | Noticed a meat beast
   103 | D        | Killed a large bag of meat
   103 | D        | Killed a meat beast
   105 | D        | Noticed a meat beast
   106 | D        | Killed a large bag of meat
   107 | D        | Killed a meat beast
   108 | D        | Killed a meat beast
   112 | D        | Killed a destroyer
   112 | D        | Noticed a destroyer
   113 | D        | Noticed an accursed
   114 | D        | Noticed a destroyer
   114 | D        | Noticed a destroyer
   117 | D        | Noticed a meat beast
   117 | D        | Noticed a large bag of meat
   117 | D        | Noticed a meat beast
   118 | D        | Killed a destroyer
   118 | D        | Noticed an accursed
   119 | D        | Noticed a dread
   121 | D        | Noticed a dread
   124 | D        | Killed a destroyer
   124 | D        | Killed an accursed
   125 | D        | Killed a meat beast
   125 | D        | Noticed a destroyer
   126 | D        | HP: 12/298 [meat berserker/+9 battleaxe (62)]
   126 | D        | HP: 4/298 [accursed/divine providence (8)]
   126 | D        | Demolished by a bag of meat

Skill      XL: |  1  2  3  4  5  6  7  8  9 10 11 12 13 14 15 16 17 18 19 20 21 |
---------------+----------------------------------------------------------------+-----
Fighting       | 11 12 14 16 19 23 27 | 27.0
Axes           | 5 7 11 14 20 26 27 | 27.0
Throwing       | 11 12 14 15 18 20 25 27 | 27.0
Dodging        | 21 24 27 | 27.0
Unarmed Combat | 18 21 24 26 27 | 27.0
Armour         | 2 5 9 12 17 27 | 27.0
Stealth        | 25 27 | 27.0
Spellcasting   | 17 27 | 27.0
Invocations    | 25 27 | 27.0

Action                   |  1- 3 |  4- 6 |  7- 9 | 10-12 | 13-15 | 16-18 | 19-21 | 22-24 | 25-27 || total
-------------------------+-------+-------+-------+-------+-------+-------+-------+-------+-------++-------
Melee: Executioner's axe |     1 |       |       |       |     5 |     5 |    13 |     9 |    44 ||    77
 Abil: Heal Wounds       |       |       |       |       |       |       |       |     1 |     4 ||     5
Armor: Leather armour    |       |       |       |       |       |       |       |       |     3 ||     3
Dodge: Dodged            |       |       |       |       |       |     3 |     2 |       |     6 ||    11
